[Event "2nd Hersonissos Open 2018"]
[Site "Hersonissos"]
[Date "2018.06.21"]
[Round "6"]
[White "Storkebaum, Ulrike"]
[Black "Alexandrakis, Georgios"]
[Result "1-0"]
[ECO "B40"]
[WhiteElo "1825"]
[BlackElo "1299"]
[Annotator "NA"]
[PlyCount "127"]
[EventDate "2018.06.16"]
[EventType "swiss"]
[EventCountry "GRE"]
[SourceTitle "playchess.com"]
[Source "ChessBase"]
[SourceQuality "1"]
[TimeControl "5400+30"]

1. e4 c5 2. Nf3 e6 3. d4 cxd4 4. Nxd4 Nf6 5. Nc3 Bb4 6. Bd3 Nc6 7. Nxc6 dxc6 8. O-O O-O 9. Bg5 Be7 10. Be3 e5 11. h3 Be6 12. Ne2 Qc7 13. Ng3 Rfd8 14. Qe2 c5 15. Bc4 Qc6 16. Bxe6 Qxe6 17. c4 Rd7 18. f3 h5 19. b3 h4 20. Nf5 Nh5 21. Qf2 Qf6 22. Rfd1 Rc7 23. Rd5 b6 24. Rad1 Rac8 25. Qd2 a6 26. Nxe7+ Qxe7 27. Bg5 f6 28. Bxh4 Kf7 29. Rd6 Rb8 30. Bf2 Ke8 31. Qd5 Kf8 32. Be3 Rcb7 33. Kf2 Nf4 34. Bxf4 exf4 35. Qf5 Qe5 36. Qh7 Re8 37. R1d2 Kf7 38. R6d5 Qe6 39. Qh5+ Kf8 40. Qf5 Qxf5 41. Rxf5 Kf7 42. Rxf4 g6 43. Rh4 Kg7 44. Rd6 Reb8 45. Rf4 Rf7 46. g4 b5 47. cxb5 axb5 48. g5 fxg5 49. Rxf7+ Kxf7 50. Rc6 c4 51. Kg3 cxb3 52. axb3 b4 53. h4 gxh4+ 54. Kxh4 Rb5 55. Kg4 Kg7 56. f4 Kf7 57. e5 Rb7 58. Kg5 Kg7 59. Rxg6+ Kh7 60. Rh6+ Kg7 61. f5 Rb5 62. f6+ Kf7 63. Kf5 Rc5 64. Rh7+ 1-0

[Event "2nd Hersonissos Open 2018"]
[Site "Hersonissos"]
[Date "2018.06.21"]
[Round "6"]
[White "Afsari-Rad, Aidin"]
[Black "Djingarova, Emilia"]
[Result "0-1"]
[ECO "B06"]
[WhiteElo "1802"]
[BlackElo "2218"]
[Annotator "NA"]
[PlyCount "40"]
[EventDate "2018.06.16"]
[EventType "swiss"]
[EventCountry "GRE"]
[SourceTitle "playchess.com"]
[Source "ChessBase"]
[SourceQuality "1"]
[TimeControl "5400+30"]

1. e4 g6 2. d4 Bg7 3. Nf3 d6 4. Bd3 a6 5. a4 b6 6. c3 Nd7 7. O-O e5 8. Re1 Ngf6 9. Be3 O-O 10. Qc1 Re8 11. Bh6 Nf8 12. Bxg7 Kxg7 13. Nbd2 Nh5 14. g3 Bg4 15. Bf1 Qd7 16. Bg2 Bh3 17. dxe5 dxe5 18. Nc4 Bxg2 19. Kxg2 Nf4+ 20. Kg1 Nd3 0-1

[Event "2nd Hersonissos Open 2018"]
[Site "Hersonissos"]
[Date "2018.06.21"]
[Round "6"]
[White "Aggelakis, Ilias"]
[Black "Lichii, Elizaveta"]
[Result "1/2-1/2"]
[ECO "A15"]
[WhiteElo "1683"]
[BlackElo "1888"]
[Annotator "NA"]
[PlyCount "145"]
[EventDate "2018.06.16"]
[EventType "swiss"]
[EventCountry "GRE"]
[SourceTitle "playchess.com"]
[Source "ChessBase"]
[SourceQuality "1"]
[TimeControl "5400+30"]

1. c4 Nf6 2. Nf3 e6 3. g3 b6 4. Bg2 Bb7 5. O-O c5 6. d4 d6 7. Nc3 Nbd7 8. b3 Be7 9. Bb2 O-O 10. e3 a6 11. Qe2 Qc7 12. Rfd1 cxd4 13. Nxd4 Rac8 14. Rac1 Qb8 15. Qd2 Nc5 16. Nde2 Bxg2 17. Kxg2 Qb7+ 18. Kg1 Ng4 19. Nf4 Ne5 20. Qe2 Nf3+ 21. Kf1 Nxh2+ 22. Ke1 Nf3+ 23. Kf1 Ne5 24. Ng2 f5 25. Nb1 Ncd7 26. Bxe5 Nxe5 27. Nd2 Rf6 28. Kg1 Rcf8 29. Rc2 Rh6 30. e4 fxe4 31. Qxe4 Qxe4 32. Nxe4 Nf3+ 33. Kf1 Rh1+ 34. Ke2 Rxd1 35. Kxd1 g5 36. Ne3 h6 37. Rc3 Ne5 38. Ke2 Kg7 39. Rc1 Ng6 40. Rd1 Rd8 41. Nc2 d5 42. cxd5 exd5 43. Nd2 Bf6 44. Nf3 a5 45. Ncd4 Bxd4 46. Nxd4 Kf6 47. Rc1 Rd6 48. Rh1 Ke5 49. Nf3+ Ke4 50. Rxh6 Nf4+ 51. gxf4 Rxh6 52. fxg5 Rg6 53. a3 Rg7 54. Nd2+ Kf4 55. Kd3 Rxg5 56. Kd4 Re5 57. Nb1 Kf5 58. Nc3 Ke6 59. f3 Rf5 60. Ke3 Ke5 61. Ne2 Kd6 62. f4 Kc5 63. Ng3 Rf7 64. f5 b5 65. Kd3 Rf6 66. Kc3 d4+ 67. Kd3 Kd5 68. Ne2 Rxf5 69. Nxd4 Rf4 70. Nxb5 Rf3+ 71. Kc2 Rf2+ 72. Kd3 Rf3+ {[%emt 0:00:09] Kd4+} 73. Kc2 1/2-1/2

[Event "2nd Hersonissos Open 2018"]
[Site "Hersonissos"]
[Date "2018.06.21"]
[Round "6"]
[White "Kotsinis, Alexandros"]
[Black "Brokalakis - Gounaris, Christos"]
[Result "0-1"]
[ECO "E04"]
[WhiteElo "1655"]
[BlackElo "1851"]
[Annotator "NA"]
[PlyCount "114"]
[EventDate "2018.06.16"]
[EventType "swiss"]
[EventCountry "GRE"]
[SourceTitle "playchess.com"]
[Source "ChessBase"]
[SourceQuality "1"]
[TimeControl "5400+30"]

1. d4 Nf6 2. c4 e6 3. g3 d5 4. Nf3 dxc4 5. Bg2 Bb4+ 6. Bd2 c5 7. O-O O-O 8. Na3 Nc6 9. dxc5 Bxc5 10. Nxc4 Nd5 11. Rc1 Qe7 12. a3 b5 13. b4 bxc4 14. bxc5 Qxc5 15. Qc2 Ba6 16. Ng5 g6 17. e4 Nde7 18. Be3 Qa5 19. e5 Rac8 20. f4 Qxa3 21. Qf2 Nb8 22. Ra1 Qc3 23. Ne4 Qd3 24. Rfd1 Qb3 25. Rdb1 Qd3 26. Nc5 Qd8 27. Nxa6 Nxa6 28. Rxa6 Nf5 29. Bc5 Qd3 30. Rb7 c3 31. Bf1 Qd5 32. Rb5 Rfd8 33. Ra2 Qd1 34. Qc2 Qe1 35. Bf2 Qd1 36. Qxd1 Rxd1 37. Rc5 Rb8 38. Kg2 Rb2 39. Rxa7 Ne3+ 40. Kf3 Rxf1 41. Kxe3 c2 42. Rac7 Rxf2 43. h4 Rg2 44. Kf3 h5 45. Rc3 Rh2 46. R7c5 Ra2 47. Rc7 Kg7 48. Rc8 Rd2 49. R8c7 c1=Q 50. Rxc1 Rd3+ 51. Ke4 Rxg3 52. R1c4 Raa3 53. Rc2 Ra4+ 54. R2c4 Rxc4+ 55. Rxc4 Rh3 56. Rb4 Rxh4 57. Kf3 g5 0-1

[Event "2nd Hersonissos Open 2018"]
[Site "Hersonissos"]
[Date "2018.06.21"]
[Round "6"]
[White "Kozyris, Ilias"]
[Black "Parker, Keith"]
[Result "0-1"]
[ECO "B12"]
[WhiteElo "1570"]
[BlackElo "1846"]
[Annotator "NA"]
[PlyCount "110"]
[EventDate "2018.06.16"]
[EventType "swiss"]
[EventCountry "GRE"]
[SourceTitle "playchess.com"]
[Source "ChessBase"]
[SourceQuality "1"]
[TimeControl "5400+30"]

1. e4 c6 2. d4 d5 3. e5 Bf5 4. h4 h5 5. Nf3 e6 6. Nc3 Nd7 7. Bd3 Ne7 8. Ne2 Bxd3 9. Qxd3 Nf5 10. Ng3 Nxg3 11. fxg3 Qa5+ 12. c3 Be7 13. O-O Qb6 14. Bg5 c5 15. Bxe7 Kxe7 16. Ng5 Raf8 17. Rxf7+ Rxf7 18. Nxf7 Kxf7 19. Rf1+ Ke7 20. Qg6 Kd8 21. Qxg7 Re8 22. Rf7 Qc6 23. Qg5+ Kc8 24. Qxh5 cxd4 25. cxd4 Qc1+ 26. Rf1 Qe3+ 27. Kh2 Rg8 28. Rf3 Qxd4 29. Rc3+ Kd8 30. Qf7 Re8 31. Rc8+ Kxc8 32. Qxe8+ Kc7 33. Qxe6 Qxe5 34. Qxe5+ Nxe5 35. Kg1 Ng4 36. Kf1 Kd6 37. Ke2 Ke5 38. Kd3 d4 39. b3 b5 40. a3 Nf6 41. Ke2 Ke4 42. Kd2 d3 43. a4 b4 44. a5 a6 45. g4 Nxg4 46. h5 Nh6 47. g3 Ng4 48. h6 Nxh6 49. g4 Nxg4 50. Ke1 Ke3 51. Kd1 Nf2+ 52. Kc1 d2+ 53. Kb2 d1=Q 54. Ka2 Qd2+ 55. Ka1 Nd3 0-1

[Event "2nd Hersonissos Open 2018"]
[Site "Hersonissos"]
[Date "2018.06.22"]
[Round "7"]
[White "Hommeles, Theo"]
[Black "Umbetov, Kazybek"]
[Result "1-0"]
[ECO "B92"]
[WhiteElo "2361"]
[BlackElo "2001"]
[Annotator "NA"]
[PlyCount "73"]
[EventDate "2018.06.16"]
[EventType "swiss"]
[EventCountry "GRE"]
[SourceTitle "playchess.com"]
[Source "ChessBase"]
[SourceQuality "1"]
[TimeControl "5400+30"]

1. e4 c5 2. Nf3 d6 3. d4 cxd4 4. Nxd4 Nf6 5. Nc3 a6 6. Be2 e5 7. Nb3 Be7 8. g4 O-O 9. g5 Ne8 10. Nd5 Be6 11. Rg1 Nd7 12. Be3 Rc8 13. h4 Nc7 14. c4 b5 15. Rc1 bxc4 16. Bxc4 Nxd5 17. Bxd5 Rxc1 18. Qxc1 Bxd5 19. exd5 f5 20. Qc6 f4 21. Bd2 e4 22. Bc3 e3 23. f3 Qe8 24. Ke2 Ne5 25. Qxe8 Rxe8 26. Nd4 Rc8 27. Ne6 Rc4 28. Rd1 h5 29. Bxe5 dxe5 30. d6 Kf7 31. dxe7 Kxe7 32. Nxg7 e4 33. fxe4 Rc2+ 34. Kd3 Rxb2 35. Nxh5 e2 36. Re1 f3 37. Ke3 1-0

[Event "2nd Hersonissos Open 2018"]
[Site "Hersonissos"]
[Date "2018.06.22"]
[Round "7"]
[White "Risting, Eivind Olav"]
[Black "Lobersli, Henrik Oie"]
[Result "1-0"]
[ECO "A05"]
[WhiteElo "2301"]
[BlackElo "2134"]
[Annotator "NA"]
[PlyCount "65"]
[EventDate "2018.06.16"]
[EventType "swiss"]
[EventCountry "GRE"]
[SourceTitle "playchess.com"]
[Source "ChessBase"]
[SourceQuality "1"]
[TimeControl "5400+30"]

1. Nf3 Nf6 2. g3 g6 3. b3 d5 4. Bb2 Bg7 5. c4 c6 6. Bg2 O-O 7. O-O Bg4 8. d4 Nbd7 9. Nbd2 Bxf3 10. Bxf3 Re8 11. Qc2 e5 12. dxe5 Nxe5 13. Bg2 Qe7 14. e3 Rad8 15. Rad1 h5 16. Bd4 b6 17. cxd5 Nxd5 18. Bxe5 Bxe5 19. Bxd5 Rxd5 20. Nf3 Rxd1 21. Rxd1 c5 22. Qe4 Bf6 23. Qf4 Rd8 24. Rxd8+ Qxd8 25. h4 Kg7 26. e4 Bb2 27. Kg2 b5 28. Qe3 Qd6 29. Qe2 Ba3 30. Qxb5 Qd1 31. Qa6 Bb2 32. Qxa7 Bd4 33. Ng5 1-0

[Event "2nd Hersonissos Open 2018"]
[Site "Hersonissos"]
[Date "2018.06.22"]
[Round "7"]
[White "Ranaldi, Lucas"]
[Black "Haug, Johannes"]
[Result "1/2-1/2"]
[ECO "A13"]
[WhiteElo "2283"]
[BlackElo "2401"]
[Annotator "NA"]
[PlyCount "34"]
[EventDate "2018.06.16"]
[EventType "swiss"]
[EventCountry "GRE"]
[SourceTitle "playchess.com"]
[Source "ChessBase"]
[SourceQuality "1"]
[TimeControl "5400+30"]

1. c4 e6 2. Nc3 d5 3. d4 Bb4 4. e3 Nf6 5. a3 Be7 6. Nf3 O-O 7. Qc2 b6 8. cxd5 exd5 9. b4 Bb7 10. Be2 Nbd7 11. O-O a6 12. Qb3 Rb8 13. Rd1 Bd6 14. a4 c5 15. bxc5 bxc5 16. dxc5 Nxc5 17. Qa2 Qc7 1/2-1/2

[Event "2nd Hersonissos Open 2018"]
[Site "Hersonissos"]
[Date "2018.06.22"]
[Round "7"]
[White "Djingarova, Emilia"]
[Black "Maris, Ioannis"]
[Result "1-0"]
[ECO "B00"]
[WhiteElo "2218"]
[BlackElo "1915"]
[Annotator "NA"]
[PlyCount "77"]
[EventDate "2018.06.16"]
[EventType "swiss"]
[EventCountry "GRE"]
[SourceTitle "playchess.com"]
[Source "ChessBase"]
[SourceQuality "1"]
[TimeControl "5400+30"]

1. e4 d6 2. d4 Nf6 3. Bd3 e5 4. dxe5 dxe5 5. Nf3 Nbd7 6. O-O Be7 7. Nbd2 c6 8. Nc4 Qc7 9. a4 O-O 10. Bd2 Ne8 11. Bc3 f6 12. b4 Nd6 13. Nxd6 Bxd6 14. Bc4+ Kh8 15. Nh4 g6 16. Qd2 Nb6 17. Bb3 Kg7 18. a5 Nd7 19. Bb2 Nb8 20. Rad1 Rd8 21. Bc1 g5 22. Nf5+ Bxf5 23. exf5 Na6 24. Qe2 Bxb4 25. h4 gxh4 26. Qh5 Kh8 27. Qxh4 Qe7 28. Bb2 Bxa5 29. f4 Bb6+ 30. Kh1 Bd4 31. c3 Bc5 32. fxe5 Rxd1 33. Rxd1 Qxe5 34. Be6 Be7 35. Re1 Qc7 36. c4 Rf8 37. Re3 Bd8 38. Rg3 Qe7 39. Qg5 1-0

[Event "2nd Hersonissos Open 2018"]
[Site "Hersonissos"]
[Date "2018.06.22"]
[Round "7"]
[White "Sielicki, Tomasz"]
[Black "Spirou, Gerasimos"]
[Result "1-0"]
[ECO "A45"]
[WhiteElo "1963"]
[BlackElo "1716"]
[Annotator "NA"]
[PlyCount "43"]
[EventDate "2018.06.16"]
[EventType "swiss"]
[EventCountry "GRE"]
[SourceTitle "playchess.com"]
[Source "ChessBase"]
[SourceQuality "1"]
[TimeControl "5400+30"]

1. d4 Nf6 2. Bg5 d5 3. e3 e6 4. Nf3 Bd6 5. Bd3 O-O 6. Nbd2 Nbd7 7. c4 c5 8. O-O b6 9. e4 e5 10. exd5 exd4 11. Ne4 Qc7 12. Nxf6+ Nxf6 13. Bxf6 gxf6 14. h3 Kh8 15. Nh4 Rg8 16. Qf3 Be5 17. Rae1 Bd7 18. d6 Qc8 19. Nf5 Bc6 20. Be4 Bxe4 21. Rxe4 Qe6 22. Rh4 1-0

[Event "2nd Hersonissos Open 2018"]
[Site "Hersonissos"]
[Date "2018.06.22"]
[Round "7"]
[White "Pliev, Vladimir"]
[Black "Papidakis, Georgios"]
[Result "1-0"]
[ECO "B40"]
[WhiteElo "1909"]
[BlackElo "1710"]
[Annotator "NA"]
[PlyCount "161"]
[EventDate "2018.06.16"]
[EventType "swiss"]
[EventCountry "GRE"]
[SourceTitle "playchess.com"]
[Source "ChessBase"]
[SourceQuality "1"]
[TimeControl "5400+30"]

1. e4 c5 2. Nf3 e6 3. d4 cxd4 4. c3 d3 5. Bxd3 d6 6. Bf4 Qc7 7. Nbd2 Nf6 8. O-O Be7 9. Re1 Nbd7 10. Nc4 b5 11. Nxd6+ Bxd6 12. Bxd6 Qxd6 13. e5 Qb6 14. exf6 Nxf6 15. Qb3 Rb8 16. Nd4 Bd7 17. Rad1 O-O 18. Qc2 Rfc8 19. Nf3 Bc6 20. Qe2 Qb7 21. Qe3 h6 22. Bf1 Bd5 23. Nd4 Bc4 24. a3 a5 25. Qe5 Bxf1 26. Rxf1 Nd7 27. Qd6 Nb6 28. Qe5 Na4 29. Qe2 b4 30. axb4 axb4 31. c4 Nb6 32. b3 Rd8 33. Qg4 Na8 34. Qf3 Qxf3 35. gxf3 Rbc8 36. Nc6 Re8 37. Rd6 Nc7 38. Ra1 Ra8 39. Rxa8 Rxa8 40. Rd7 Na6 41. Rb7 Kf8 42. Kg2 Ke8 43. Rb6 Nc5 44. Rxb4 Ra3 45. Rb8+ Kd7 46. Ne5+ Kc7 47. Rb5 Nxb3 48. Nxf7 Nd4 49. Rc5+ Kb6 50. Re5 Nxf3 51. Rxe6+ Kc5 52. Ne5 Nxe5 53. Rxe5+ Kxc4 54. Re7 g5 55. Re6 h5 56. Re5 h4 57. h3 Kd4 58. Rxg5 Kd3 59. Rg4 Ke2 60. Rxh4 Ra8 61. Re4+ Kd3 62. f3 Rg8+ 63. Kf2 Rh8 64. h4 Rh5 65. Kg3 Rh8 66. Re5 Kd4 67. f4 Rg8+ 68. Kf3 Ra8 69. h5 Ra1 70. h6 Rh1 71. Re6 Kd5 72. f5 Rf1+ 73. Kg4 Rg1+ 74. Kf4 Rf1+ 75. Kg5 Rh1 76. Kg6 Rg1+ 77. Kf6 Rh1 78. Kg7 Rg1+ 79. Rg6 Ra1 80. h7 Ra7+ 81. Kh6 1-0

[Event "2nd Hersonissos Open 2018"]
[Site "Hersonissos"]
[Date "2018.06.22"]
[Round "7"]
[White "Lichii, Elizaveta"]
[Black "Ergazaki, Eirini"]
[Result "0-1"]
[ECO "C75"]
[WhiteElo "1888"]
[BlackElo "1348"]
[Annotator "NA"]
[PlyCount "72"]
[EventDate "2018.06.16"]
[EventType "swiss"]
[EventCountry "GRE"]
[SourceTitle "playchess.com"]
[Source "ChessBase"]
[SourceQuality "1"]
[TimeControl "5400+30"]

1. e4 e5 2. Nf3 Nc6 3. Bb5 a6 4. Ba4 d6 5. c3 Bd7 6. O-O g6 7. d4 Bg7 8. d5 Nce7 9. Bc2 h6 10. Nfd2 f5 11. exf5 Nxf5 12. Ne4 Nf6 13. f4 Nxe4 14. Bxe4 exf4 15. Bxf5 Bxf5 16. Re1+ Kf7 17. Bxf4 Re8 18. Nd2 Rxe1+ 19. Qxe1 Qe8 20. Qf2 Qb5 21. Nf1 Kg8 22. Qd2 g5 23. Ng3 Bh7 24. Be3 Re8 25. Rd1 Qc4 26. a3 Qb3 27. Nh5 Be5 28. Rf1 Rf8 29. Rxf8+ Kxf8 30. h4 Bg6 31. Qf2+ Kg8 32. Nf6+ Kg7 33. Nd7 Qd1+ 34. Qf1 Bh2+ 35. Kf2 Qc2+ 36. Qe2 Bg3+ 0-1

[Event "2nd Hersonissos Open 2018"]
[Site "Hersonissos"]
[Date "2018.06.22"]
[Round "7"]
[White "Brokalakis - Gounaris, Christos"]
[Black "L'Ami, Alina"]
[Result "0-1"]
[ECO "E93"]
[WhiteElo "1851"]
[BlackElo "2307"]
[Annotator "NA"]
[PlyCount "77"]
[EventDate "2018.06.16"]
[EventType "swiss"]
[EventCountry "GRE"]
[SourceTitle "playchess.com"]
[Source "ChessBase"]
[SourceQuality "1"]
[TimeControl "5400+30"]

1. d4 Nf6 2. c4 g6 3. Nc3 Bg7 4. e4 d6 5. Be2 O-O 6. Nf3 e5 7. d5 Nbd7 8. Be3 Ng4 9. Bg5 f6 10. Bd2 f5 11. exf5 gxf5 12. Ng5 Nc5 13. Qc2 e4 14. Nh3 f4 15. Nxf4 Nd3+ 16. Bxd3 exd3 17. Qxd3 Bh6 18. Qg3 Qe7+ 19. Kf1 Qf6 20. h3 Bxf4 21. Bxf4 Qxf4 22. Qxf4 Rxf4 23. hxg4 Bxg4 24. f3 Raf8 25. b3 Bxf3 26. gxf3 Rxf3+ 27. Ke2 Rxc3 28. Rag1+ Kh8 29. Kd2 Rcf3 30. Kc2 Rf2+ 31. Kb1 Re8 32. Re1 Rxe1+ 33. Rxe1 Kg7 34. Re7+ Rf7 35. Re2 h5 36. Kc2 Kh6 37. Kd2 h4 38. Ke1 Rf5 39. Re8 0-1

[Event "2nd Hersonissos Open 2018"]
[Site "Hersonissos"]
[Date "2018.06.22"]
[Round "7"]
[White "Parker, Keith"]
[Black "Aggelakis, Ilias"]
[Result "1-0"]
[ECO "D00"]
[WhiteElo "1846"]
[BlackElo "1683"]
[Annotator "NA"]
[PlyCount "61"]
[EventDate "2018.06.16"]
[EventType "swiss"]
[EventCountry "GRE"]
[SourceTitle "playchess.com"]
[Source "ChessBase"]
[SourceQuality "1"]
[TimeControl "5400+30"]

1. d4 d5 2. Bf4 Nf6 3. e3 e6 4. Nd2 Bd6 5. Bg3 O-O 6. Bd3 b6 7. Ngf3 Bb7 8. Ne5 c5 9. c3 Ne4 10. Qh5 f5 11. Nxe4 dxe4 12. Bc4 Bd5 13. Rd1 cxd4 14. Bxd5 exd5 15. cxd4 Bb4+ 16. Kf1 Bd6 17. f4 Nd7 18. Rc1 Rc8 19. Kf2 Bxe5 20. fxe5 Qe8 21. Qe2 g5 22. Rhf1 f4 23. exf4 Kh8 24. Qg4 Rxc1 25. Rxc1 gxf4 26. Bxf4 Nxe5 27. dxe5 Qxe5 28. Kg3 Qxb2 29. Rc8 Qa3+ 30. Kh4 Rxc8 31. Be5# 1-0

[Event "2nd Hersonissos Open 2018"]
[Site "Hersonissos"]
[Date "2018.06.22"]
[Round "7"]
[White "Iminov, Bachtiar"]
[Black "Haverkamp, Klaus"]
[Result "0-1"]
[ECO "A05"]
[WhiteElo "1842"]
[BlackElo "1921"]
[Annotator "NA"]
[PlyCount "72"]
[EventDate "2018.06.16"]
[EventType "swiss"]
[EventCountry "GRE"]
[SourceTitle "playchess.com"]
[Source "ChessBase"]
[SourceQuality "1"]
[TimeControl "5400+30"]

1. Nf3 Nf6 2. c4 g6 3. b4 Bg7 4. Bb2 O-O 5. g3 a5 6. b5 b6 7. Bg2 Bb7 8. O-O d6 9. d4 Nfd7 10. Qc2 Qc8 11. Nc3 Re8 12. Rac1 e5 13. e3 f5 14. Na4 Bxf3 15. Bxf3 e4 16. Bg2 Qd8 17. c5 bxc5 18. dxc5 dxc5 19. Bxg7 Kxg7 20. Rfd1 Qf6 21. Nxc5 Ne5 22. Qb3 Ra7 23. Rc2 Qb6 24. Qd5 Kh6 25. Bf1 c6 26. Na4 Qb7 27. bxc6 Nbxc6 28. Rb2 Qe7 29. Nc5 Rd8 30. Qb3 Rxd1 31. Qxd1 Qxc5 32. Rc2 Qe7 33. Qd5 Rd7 34. Qb5 Nf3+ 35. Kh1 Nce5 36. Qxa5 Qd8 0-1

[Event "2nd Hersonissos Open 2018"]
[Site "Hersonissos"]
[Date "2018.06.22"]
[Round "7"]
[White "Kouvidis, Ioannis"]
[Black "Loshkarev, Dmitri"]
[Result "1-0"]
[ECO "C46"]
[WhiteElo "1730"]
[BlackElo "2089"]
[Annotator "NA"]
[PlyCount "47"]
[EventDate "2018.06.16"]
[EventType "swiss"]
[EventCountry "GRE"]
[SourceTitle "playchess.com"]
[Source "ChessBase"]
[SourceQuality "1"]
[TimeControl "5400+30"]

1. e4 e5 2. Nf3 Nc6 3. Nc3 g6 4. d4 exd4 5. Nxd4 Bg7 6. Be3 Nf6 7. Nxc6 bxc6 8. e5 Ng8 9. f4 Ne7 10. Qf3 O-O 11. O-O-O f6 12. Bc4+ Kh8 13. Qe4 d5 14. exd6 cxd6 15. Bc5 f5 16. Qe3 Nd5 17. Nxd5 cxd5 18. Bxd5 Rb8 19. Bd4 Qc7 20. Rhe1 Rb4 21. c3 Bxd4 22. Rxd4 Rb6 23. Rc4 Qd8 24. Qd4+ 1-0

[Event "2nd Hersonissos Open 2018"]
[Site "Hersonissos"]
[Date "2018.06.22"]
[Round "7"]
[White "Ivanov, Svetlen"]
[Black "Serpetsidakis, Nikolaos"]
[Result "0-1"]
[ECO "E63"]
[WhiteElo "1591"]
[BlackElo "2126"]
[Annotator "NA"]
[PlyCount "44"]
[EventDate "2018.06.16"]
[EventType "swiss"]
[EventCountry "GRE"]
[SourceTitle "playchess.com"]
[Source "ChessBase"]
[SourceQuality "1"]
[TimeControl "5400+30"]

1. d4 Nf6 2. Nf3 g6 3. g3 Bg7 4. Bg2 O-O 5. O-O d6 6. c4 Nc6 7. Nc3 a6 8. Bg5 h6 9. Bxf6 Bxf6 10. Qd2 Bg7 11. Rad1 Rb8 12. a4 Bg4 13. e3 e5 14. d5 Na5 15. Qd3 f5 16. e4 Nb3 17. Qe3 Qd7 18. Rb1 Nd4 19. Ne1 f4 20. Qd3 f3 21. Bh1 Ne2+ 22. Nxe2 fxe2 0-1

[Event "2nd Hersonissos Open 2018"]
[Site "Hersonissos"]
[Date "2018.06.22"]
[Round "7"]
[White "Koutsourakis, Ioannis"]
[Black "Storkebaum, Ulrike"]
[Result "0-1"]
[ECO "E97"]
[WhiteElo "1560"]
[BlackElo "1825"]
[Annotator "NA"]
[PlyCount "138"]
[EventDate "2018.06.16"]
[EventType "swiss"]
[EventCountry "GRE"]
[SourceTitle "playchess.com"]
[Source "ChessBase"]
[SourceQuality "1"]
[TimeControl "5400+30"]

1. d4 Nf6 2. c4 g6 3. Nc3 Bg7 4. e4 d6 5. Nf3 O-O 6. Be2 e5 7. O-O Nc6 8. dxe5 Nxe5 9. Nxe5 dxe5 10. Bg5 c6 11. Qc2 Be6 12. h3 Qe7 13. Rad1 h6 14. Be3 Nd7 15. Qd2 Kh7 16. Qd6 Qxd6 17. Rxd6 Rfe8 18. Kh2 Bf8 19. Rdd1 a5 20. g3 Nc5 21. f4 exf4 22. gxf4 Rad8 23. Rxd8 Rxd8 24. f5 gxf5 25. exf5 Bc8 26. Bh5 f6 27. Bg6+ Kh8 28. Kg3 Rd3 29. Kf3 Nd7 30. Ne4 Ne5+ 31. Ke2 Bg7 32. Bh5 b5 33. cxb5 cxb5 34. Nc5 Rd8 35. b3 b4 36. Ne4 Ba6+ 37. Kf2 Bxf1 38. Kxf1 Kg8 39. Nc5 Rc8 40. Bd1 Nf7 41. Nb7 Ng5 42. h4 Ne4 43. Kg2 Nc3 44. Bf3 Bf8 45. Nxa5 Nxa2 46. Nc4 Nc3 47. Kg3 Kg7 48. Kg4 Kh7 49. Kh5 Rd8 50. Nb2 Nb5 51. Kg4 Nd4 52. Bd1 Nc6 53. Kh5 Ne5 54. Be2 Ra8 55. Na4 Rc8 56. Bd1 Re8 57. Bf4 Nd3 58. Bg3 Re3 59. Bb8 Ne5 60. Nb6 Rd3 61. Bc2 Rd4 62. Bb1 Nf3 63. Bg3 Bd6 64. Bf2 Rd1 65. Be4 Ne5 66. Nd5 Nd7 67. Be3 Bf8 68. Kg4 Re1 69. Bd3 Ne5+ 0-1

[Event "2nd Hersonissos Open 2018"]
[Site "Hersonissos"]
[Date "2018.06.22"]
[Round "7"]
[White "Mateev, Kaloyan Mateev"]
[Black "Angermuende, Dirk"]
[Result "1/2-1/2"]
[ECO "A01"]
[WhiteElo "1539"]
[BlackElo "1966"]
[Annotator "NA"]
[PlyCount "113"]
[EventDate "2018.06.16"]
[EventType "swiss"]
[EventCountry "GRE"]
[SourceTitle "playchess.com"]
[Source "ChessBase"]
[SourceQuality "1"]
[TimeControl "5400+30"]

1. b3 e6 2. Bb2 Nf6 3. e3 b6 4. Nf3 Bb7 5. d4 Be7 6. Bd3 O-O 7. Nbd2 d5 8. O-O Nbd7 9. Ne5 Nxe5 10. dxe5 Ne4 11. a3 c5 12. f3 Nxd2 13. Qxd2 Rc8 14. Qe2 Qc7 15. c4 Rfd8 16. Rad1 Bf8 17. f4 g6 18. h4 Bg7 19. h5 dxc4 20. bxc4 Rd7 21. hxg6 hxg6 22. e4 Rcd8 23. Rf3 b5 24. cxb5 c4 25. Bc2 Rxd1+ 26. Bxd1 Qc5+ 27. Kh2 Qxb5 28. a4 Qd7 29. Bc2 Qd2 30. Rf2 Qb4 31. Bc1 Bc6 32. Bd2 c3 33. Be1 Rd4 34. Qa6 Bxa4 35. Qc8+ Bf8 36. Bxc3 Qc4 37. Qxc4 Rxc4 38. Bxa4 Rxa4 39. Re2 Bc5 40. g3 a5 41. Kg2 Ra3 42. Bb2 Ra2 43. Kf3 a4 44. Rc2 Bb4 45. Rc8+ Kg7 46. Bd4 a3 47. Bc5 Bxc5 48. Rxc5 Rb2 49. Ra5 a2 50. Ra4 Kf8 51. Kg4 Kg7 52. Kg5 Rg2 53. g4 Re2 54. f5 gxf5 55. exf5 Rxe5 56. Rxa2 exf5 57. gxf5 1/2-1/2

[Event "2nd Hersonissos Open 2018"]
[Site "Hersonissos"]
[Date "2018.06.22"]
[Round "7"]
[White "Dagkonaki, Antonia"]
[Black "Stefanov, Evtim"]
[Result "0-1"]
[ECO "B43"]
[WhiteElo "1383"]
[BlackElo "1959"]
[Annotator "NA"]
[PlyCount "70"]
[EventDate "2018.06.16"]
[EventType "swiss"]
[EventCountry "GRE"]
[SourceTitle "playchess.com"]
[Source "ChessBase"]
[SourceQuality "1"]
[TimeControl "5400+30"]

1. e4 c5 2. Nf3 e6 3. d4 cxd4 4. Nxd4 a6 5. Nc3 Qc7 6. Bd2 Nf6 7. g3 b5 8. Bd3 Bb7 9. Qe2 Bc5 10. Nb3 Be7 11. Rf1 Nc6 12. f4 d6 13. Nd1 Nd7 14. c4 b4 15. Rc1 a5 16. Be3 Rd8 17. c5 dxc5 18. Nxc5 Nxc5 19. Bxc5 Bxc5 20. Rxc5 Qd6 21. Rb5 Ba6 22. Rd5 exd5 23. exd5+ Ne7 24. Bxa6 O-O 25. Kf2 Nxd5 26. Re1 Nf6 27. Ne3 Qc5 28. Qc4 Qb6 29. Qb5 Qd4 30. Qxa5 Rfe8 31. Kf1 Qe4 32. Ng2 Qf3+ 33. Kg1 Rd2 34. Rxe8+ Nxe8 35. Bb7 Rd1+ 0-1

[Event "2nd Hersonissos Open 2018"]
[Site "Hersonissos"]
[Date "2018.06.22"]
[Round "7"]
[White "Koutsouraki, Ariadni"]
[Black "Bras, Emanouel"]
[Result "0-1"]
[ECO "B13"]
[WhiteElo "1373"]
[BlackElo "1859"]
[Annotator "NA"]
[PlyCount "62"]
[EventDate "2018.06.16"]
[EventType "swiss"]
[EventCountry "GRE"]
[SourceTitle "playchess.com"]
[Source "ChessBase"]
[SourceQuality "1"]
[TimeControl "5400+30"]

1. e4 c6 2. d4 d5 3. exd5 cxd5 4. Nf3 Nc6 5. c3 Nf6 6. Bd3 Bg4 7. h3 Bh5 8. Nbd2 e6 9. O-O Bd6 10. Re1 O-O 11. Be2 Bg6 12. b3 Rc8 13. Bb2 Nh5 14. Nf1 Nf4 15. Bc1 Ne7 16. Bb2 Nf5 17. Ne3 Nxe3 18. fxe3 Nxe2+ 19. Qxe2 Be4 20. Qf2 Bb8 21. Rec1 Bxf3 22. Qxf3 Qd6 23. Kf1 f5 24. Ke2 f4 25. Rf1 Qa6+ 26. Kd2 fxe3+ 27. Qxe3 e5 28. Rxf8+ Rxf8 29. dxe5 Bxe5 30. Kc2 Qg6+ 31. Kd1 Qxg2 0-1

[Event "2nd Hersonissos Open 2018"]
[Site "Hersonissos"]
[Date "2018.06.23"]
[Round "8"]
[White "Lirindzakis, Timotheos"]
[Black "Kadianis, Georgios"]
[Result "0-1"]
[ECO "D10"]
[WhiteElo "2163"]
[BlackElo "1917"]
[Annotator "NA"]
[PlyCount "60"]
[EventDate "2018.06.23"]
[EventType "swiss"]
[EventCountry "GRE"]
[SourceTitle "playchess.com"]
[Source "ChessBase"]
[SourceQuality "1"]
[TimeControl "5400+30"]

1. d4 d5 2. c4 c6 3. cxd5 cxd5 4. Bf4 Nc6 5. e3 Nf6 6. Nc3 Bg4 7. Qb3 Na5 8. Qa4+ Bd7 9. Qd1 e6 10. Bd3 Bb4 11. Nf3 Rc8 12. O-O O-O 13. Rc1 Bxc3 14. Rxc3 Rxc3 15. bxc3 Qe7 16. Qb1 h6 17. Ne5 Rc8 18. Rc1 Qa3 19. c4 dxc4 20. Nxc4 Nxc4 21. Rxc4 Rxc4 22. Bxc4 Qc3 23. Bf1 Bc6 24. Bd6 a5 25. Qd3 Qa1 26. a3 Ne4 27. Bc7 Qb2 28. Bxa5 Qxf2+ 29. Kh1 Ng5 30. h3 Nf3 0-1